 Dungeon Crawl Stone Soup version 0.16.2-12-gd0ad4c3 (console) character file.

651 Dingbat the Ruffian (level 7, -2/63 (64) HPs)
             Began as a Ghoul Monk on Apr 7, 2016.
             Slain by a killer bee (8 damage)
             ... on level 8 of the Dungeon.
             The game lasted 00:05:54 (2552 turns).

Dingbat the Ruffian (Ghoul Monk)                    Turns: 2552, Time: 00:05:54

HP:   -2/63 (64)    AC:  8    Str: 15      XL:     7   Next: 53%
MP:   5/5           EV: 11    Int:  7      God:
Gold: 183           SH:  0    Dex: 10 (11) Spells: 0 memorised, 6 levels left

rFire  . . .     SeeInvis .       - Unarmed
rCold  + . .     Clarity  .     b - +0 ring mail {rPois}
rNeg   + + +     SustAb   .     (no shield)
rPois  ∞         Gourm    .     (no helmet)
rElec  .         Spirit   .     (no cloak)
rCorr  .         Warding  .     o - +2 pair of gloves
rMut   .         Stasis   .     (no boots)
MR     .....                    (no amulet)
Stlth  +.........               (no ring)
                                (no ring)

@: rotting, not resistant to hostile enchantments, very unstealthy
A: rotting body, claws 1, carnivore 3, cold resistance 1, negative energy
resistance 3, poison resistance, slow healing 1, torment resistance, unbreathing
a: no special abilities


You were on level 8 of the Dungeon.
You were hungry.

You visited 1 branch of the dungeon, and saw 10 of its levels.

You collected 183 gold pieces.

Inventory:

Hand weapons
 p - a +2 arbalest of flaming
Missiles
 c - 26 stones (quivered)
 j - 12 poisoned needles
Armour
 a - a +0 robe
 b - a +0 ring mail of poison resistance (worn)
 o - a +2 pair of gloves (worn)
Jewellery
 e - an uncursed ring of ice {unknown}
Magical devices
 l - a wand of fireball (5)
 m - a wand of flame (23)
Scrolls
 d - a scroll of random uselessness {unknown}
 f - 3 scrolls of identify {unknown}
 h - 2 scrolls of enchant weapon {unknown}
 q - a scroll of remove curse
Potions
 n - a potion of heal wounds
Comestibles
 g - a bread ration
 i - 2 meat rations
 k - 2 slices of pizza


   Skills:
 + Level 6.8 Fighting
 - Level 2.6 Dodging
 - Level 2.1 Stealth
 - Level 7.7 Unarmed Combat


You had 6 spell levels left.
You didn't know any spells.

Dungeon Overview and Level Annotations

Branches:
Dungeon (10/15)
 Temple: D:4-7         Lair: D:8-11         Orc: D:9-12

Altars:
Ashenzari
Dithmenos
Sif Muna
Trog
Vehumet

Annotations:
D:1 exclusion: downstairs
D:2 Terence
D:7 exclusion: upstairs
D:9 exclusion: downstairs


Innate Abilities, Weirdness & Mutations

Your body is rotting away.
You thrive on raw meat.
You have sharp fingernails.
You are carnivorous and can eat meat at any time.
Your flesh is cold resistant.
You are immune to negative energy.
Your system is resistant to poisons.
You heal slowly when monsters are visible.
You are immune to unholy pain and torment.
You can survive without breathing.


Message History

The killer bee stings you but does no damage.
You punch the killer bee!
The killer bee is moderately wounded.
The killer bee barely misses you.
You hit the killer bee.
The killer bee is severely wounded.
The killer bee stings you but does no damage.
The killer bee closely misses you.
You hit the killer bee but do no damage.
The killer bee is severely wounded.
The killer bee barely misses you.
You closely miss the killer bee.
The killer bee is severely wounded.
The killer bee stings you!
* * * LOW HITPOINT WARNING * * *
The killer bee stings you but does no damage.
You completely miss the killer bee.
The killer bee is severely wounded.
The killer bee barely misses you. The killer bee stings you!
You die...

.$# #######.#
#.###### #.....)..
##.#.##.#
#######..
##....##.## ##.
#.........# #.
#....†.#..#
#######.
#..#....###.......
#y###.......#####.
#@.#....##### #.
##...#.)# #.
##.##..# #.
#.##..#########.
#.##............
#.###.##...#####
#.# #.##........
..# #......#####
### ########


You could see a killer bee.

Vanquished Creatures
  A water moccasin (D:9)
  A giant frog (D:7)
  A scorpion (D:8)
  3 killer bees (D:8)
  2 crimson imps
  An iguana (D:8)
  A hound (D:9)
  An orc wizard (D:4)
  A quasit (D:6)
  A hound zombie (D:10)
  3 adders
  A worm (D:3)
  An ooze (D:3)
  8 orcs
  2 hobgoblins
  10 kobolds
  A ball python (D:2)
  6 bats
  2 giant newts (D:2)
  7 goblins (D:1)
  4 rats
  2 ballistomycetes (D:9)
60 creatures vanquished.

Vanquished Creatures (others)
  A giant spore (D:9)
1 creature vanquished.

Grand Total: 61 creatures vanquished

Notes
Turn   | Place    | Note
--------------------------------------------------------------
     0 | D:1      | Dingbat, the Ghoul Monk, began the quest for the Orb.
     0 | D:1      | Reached XP level 1. HP: 19/19 MP: 1/1
   124 | D:2      | Reached skill level 5 in Unarmed Combat
   124 | D:2      | Reached XP level 2. HP: 17/26 MP: 2/2
   293 | D:1      | Reached XP level 3. HP: 25/31 MP: 3/3
   580 | D:2      | Noticed Terence
  1255 | D:4      | Reached skill level 6 in Unarmed Combat
  1255 | D:4      | Reached XP level 4. HP: 27/34 MP: 3/3
  1431 | D:5      | Entered Level 5 of the Dungeon
  1446 | D:5      | Found a shattered altar of Ashenzari.
  1509 | D:5      | Found a bloodstained altar of Trog.
  1524 | D:5      | Noticed an ogre
  1530 | D:6      | Found a shadowy altar of Dithmenos.
  1541 | D:6      | Reached XP level 5. HP: 43/45 MP: 4/4
  1562 | D:6      | Noticed an ogre
  1564 | D:6      | Found a deep blue altar of Sif Muna.
  1581 | D:7      | Reached skill level 7 in Unarmed Combat
  1597 | D:7      | Reached XP level 6. HP: 38/51 MP: 5/5
  1688 | D:10     | Entered Level 10 of the Dungeon
  1756 | D:10     | Found a staircase to the Orcish Mines.
  1787 | D:10     | Noticed a deep elf mage
  1806 | D:10     | Noticed a hill giant
  1806 | D:10     | Noticed a hippogriff
  1808 | D:10     | Noticed a hill giant
  1808 | D:10     | Noticed a centaur zombie
  1984 | D:9      | Noticed a water moccasin
  2011 | D:9      | Killed a water moccasin
  2011 | D:9      | Reached skill level 5 in Fighting
  2026 | D:9      | Reached XP level 7. HP: 5/59 MP: 5/5
  2309 | D:9      | Found a radiant altar of Vehumet.
  2552 | D:8      | Slain by a killer bee

Action                   |  1- 3 |  4- 6 |  7- 9 || total
-------------------------+-------+-------+-------++-------
Melee: Unarmed           |    78 |   136 |    59 ||   273
Throw: Stone             |       |     1 |       ||     1
  Use: Scroll            |     2 |       |       ||     2
       Potion            |       |     4 |       ||     4
 Stab: Sleeping          |     1 |       |       ||     1
  Eat: Chunk             |       |     4 |     1 ||     5
